 Seeded DCSS version 0.28-a0-1555-g9ae15a6949 (webtiles) character file.

Game seed: 11087003400880552656 (custom seed)

6252 knot the Cleaver (level 10, -2/70 HPs)
             Began as a Demonspawn Berserker on Jan 18, 2022.
             Was a High Priest of Trog.
             Slain by a vampire (11 damage)
             ... on level 9 of the Dungeon.
             The game lasted 00:13:53 (10335 turns).

knot the Cleaver (Demonspawn Berserker)            Turns: 10335, Time: 00:13:54

Health: -2/70      AC: 11    Str: 18    XL:     10   Next: 62%
Magic:  10/10      EV: 12    Int: 12    God:    Trog [*****.]
Gold:   1172       SH:  0    Dex: 13    Spells: 9/9 levels left

rFire   + . .      SeeInvis .   b - +2 flail (venom)
rCold   + + .      Faith    .   (no shield)
rNeg    . . .      Spirit   .   z - +1 ring mail of Lust {rPois Regen+}
rPois   +          Reflect  .   (no helmet)
rElec   .          Harm     .   (no cloak)
rCorr   .          Rampage  .   K - +2 pair of gloves "Teinapa" {+Blink rC++}
Will    ++...                   m - +1 pair of boots
Stlth   +.........              (no amulet)
HPRegen 2.01/turn               (no ring)
MPRegen 0.12/turn               (no ring)

@: strong-willed, on berserk cooldown, regenerating, slowed, very slow
A: sturdy frame 2, weakness stinger 2, fire resistance 1
a: Renounce Religion, Evoke Blink, Berserk, Trog's Hand, Brothers in Arms


You were on level 9 of the Dungeon.
You worshipped Trog.
Trog was extremely pleased with you.
You visited 1 branch of the dungeon, and saw 9 of its levels.
You also visited: Sewer and Ossuary.

You collected 1298 gold pieces.
You spent 126 gold pieces at shops.

Inventory:

Hand Weapons
 b - a +2 flail of venom (weapon)
 g - a +0 war axe of protection
Missiles
 c - 17 arrows
 i - 59 sling bullets
 j - 462 stones
 r - 2 boomerangs (quivered)
 D - 31 poisoned darts
 F - 3 javelins
 I - a curare-tipped dart
Armour
 m - a +1 pair of boots (worn)
 z - the +1 ring mail of Lust (worn) {rPois Regen+}
   (You found it on level 5 of the Dungeon)

   rPois:     It protects you from poison.
   Regen:     It increases your rate of health regeneration.
 K - the +2 pair of gloves "Teinapa" (worn) {+Blink rC++}
   (You acquired it on level 8 of the Dungeon)

   rC:        It greatly protects you from cold.
   +Blink:    It lets you blink.
Jewellery
 f - an amulet of magic regeneration
 t - a ring of positive energy
 u - a ring of resist corrosion
Wands
 a - a wand of acid (5)
 k - a wand of polymorph (11)
 q - a wand of charming (5)
 s - a wand of iceblast (10)
 w - a wand of mindburst (16)
 y - a wand of digging (4)
 A - a wand of paralysis (8)
Scrolls
 e - 11 scrolls of identify
 h - 3 scrolls of teleportation
 n - 2 scrolls of amnesia
 o - 2 scrolls of brand weapon
 x - a scroll of enchant weapon
 E - a scroll of magic mapping
 H - a scroll of blinking
 J - 2 scrolls of vulnerability {unknown}
Potions
 d - 2 potions of might
 l - 2 potions of invisibility
 p - a potion of magic
 v - 4 potions of curing
 B - a potion of flight
 G - a potion of mutation


   Skills:
 - Level 3.1 Fighting
 * Level 11.2 Axes
 * Level 10.1 Throwing
 - Level 1.9 Armour
 - Level 1.9 Dodging


You had 9 spell levels left.
You didn't know any spells.
Your spell library contained the following spells:

 Spells                   Type           Power      Damage    Failure   Level
 Apportation              Tloc           0%         N/A       36%         1
 Tukima's Dance           Hex            0%         N/A       73%         3
 Anguish                  Hex/Necr       0%         N/A       98%         4
 Passage of Golubria      Tloc           0%         N/A       98%         4
 Alistair's Intoxication  Tmut/Pois      0%         N/A       100%        5
 Yara's Violent Unravell  Hex/Tmut       0%         3d3       100%        5
 Enfeeble                 Hex            0%         N/A       100%        7


Dungeon Overview and Level Annotations

Branches:
Dungeon (9/15)             Temple (0/1) D:6           Sewer (visited)
Ossuary (visited)
   Lair: D:8-11         Orc: D:9-12

Altars:
Hepliaklqana
Kikubaaqudgha
Nemelex Xobeh
Okawaru
Ru
Sif Muna
Uskayaw
The Shining One

Shops:
D:3 [


Innate Abilities, Weirdness & Mutations

Your movements are less encumbered by armour. (ER -4)
You have a tail ending in a sharp stinger.
Your flesh is heat resistant. (rF+)


Message History

You feel yourself moving faster!
You feel mighty!
The centaur shoots an arrow.
Something hits you but does no damage. Something bites you but does no damage.
You closely miss something.
The centaur shoots an arrow.
The arrow barely misses you.
You closely miss something. Something hits you.
Something bites you but does no damage.
The centaur shoots an arrow.
You closely miss something. You tail-slap something.
The centaur shoots an arrow.
The arrow hits you but does no damage. Something draws life force from you!
You barely miss something. You tail-slap something!
The centaur shoots an arrow.
You hit something.
Your tail-slap misses something.
The centaur shoots an arrow.
Something draws life force from you!
You completely miss something. Something draws life force from you.
You miss something. You hit something. Something draws life force from you!
The centaur shoots an arrow.
You miss something.
Your tail-slap misses something.
Something draws life force from you!
You hit something but do no damage.
Your tail-slap misses something.
The centaur shoots an arrow.
You miss something. Something hits you. Something bites you.
Something draws strength from your injuries!
The centaur shoots an arrow.
You barely miss something.
The centaur shoots an arrow.
The arrow hits you!
* * * LOW HITPOINT WARNING * * *
Something hits you!
* * * LOW HITPOINT WARNING * * *
Something bites you but does no damage.
You barely miss something. Your punch misses something.
The centaur shoots an arrow.
The arrow hits you!
* * * LOW HITPOINT WARNING * * *
Something hits you but does no damage. Something bites you but does no damage.
You hit something. You closely miss something.
You are no longer berserk.
You are exhausted.
You feel yourself slow down. Something hits you but does no damage.
Something bites you!
You die...

........... #### ####.
........... .... ....
.....## #.. ... ###†.#
#.###.### #
..÷..########.#..:..# .#
..............#.....#..#
##########.#...(.[.[....
#.#..#.....#..
.....#.@[..#
###.#####{### 8... c..
#..... ...# ....8?.
..... .#... ...#.⌠
...#... .### #.


You could see a centaur.

Vanquished Creatures
  A two-headed ogre (D:8)
  The ghost of drawgostyle the Skirmisher, a novice TrBr of Makhleb (D:6)
  Grinder (D:5)
  Sigmund (D:3)
  A wyvern (D:9)
  13 yaks
  Menkaure (Ossuary)
  3 sky beasts
  2 orc warriors (D:6)
  2 centaurs
  3 ogres
  2 bullfrogs (D:8)
  4 kobold brigands
  2 scorpions
  A wyvern skeleton (D:7)
  2 water moccasin skeletons
  3 howler monkeys
  3 centaur zombies (D:8)
  A jelly (D:5)
  A bullfrog zombie (D:6)
  A centaur skeleton (D:5)
  2 orc priests (D:8)
  2 hounds
  Natasha (twice) (D:2)
  4 orc wizards
  4 iguanas
  A hound zombie (D:5)
  3 mummies (Ossuary)
  2 hound skeletons (D:4)
  3 gnolls (D:4)
  13 adders
  6 river rats (Sewer)
  An adder skeleton (D:4)
  A worm (D:2)
  3 dart slugs
  22 orcs
  14 ball pythons
  5 bats
  3 endoplasms
  3 giant cockroaches
  5 goblins
  4 hobgoblins
  36 kobolds
  2 quokkas
  6 frilled lizards
  5 gnoll skeletons (Ossuary)
  5 gnoll zombies (Ossuary)
  4 goblin skeletons (Ossuary)
  4 goblin zombies (Ossuary)
  2 hobgoblin skeletons (Ossuary)
  5 hobgoblin zombies (Ossuary)
  4 kobold skeletons (Ossuary)
  2 kobold zombies (Ossuary)
  3 orc skeletons (Ossuary)
  An orc zombie (Ossuary)
  2 quokka zombies (D:8)
  25 rats
  7 rat skeletons (Ossuary)
  8 rat zombies (Ossuary)
273 creatures vanquished.

Vanquished Creatures (collateral kills)
  2 spectral centaurs (D:6)
  A centaur zombie (D:6)
  A centaur simulacrum (D:6)
  A spectral howler monkey (D:6)
5 creatures vanquished.

Grand Total: 278 creatures vanquished

Notes
Turn   | Place    | Note
-------+----------+-------------------------------------------
     0 | D:1      | knot the Demonspawn Berserker began the quest for the Orb.
     0 | D:1      | Reached XP level 1. HP: 18/18 MP: 1/1
   572 | D:1      | Reached skill level 3 in Axes
   572 | D:1      | Gained mutation: Your movements are slightly less
                  | encumbered by armour. (ER -2) [demonic ancestry]
   572 | D:1      | Reached XP level 2. HP: 24/24 MP: 2/2
   943 | D:1      | Found a faded altar of an unknown god.
  1483 | D:2      | You fall into a shaft and drop 2 floors!
  1497 | D:4      | Gained mutation: You have a small tail. [demonic ancestry]
  1497 | D:4      | Reached XP level 3. HP: 26/29 MP: 3/3
  1639 | D:4      | Reached skill level 4 in Axes
  1679 | D:4      | Reached XP level 4. HP: 33/35 MP: 4/4
  1719 | D:4      | Reached skill level 5 in Axes
  1719 | D:4      | Reached XP level 5. HP: 41/41 MP: 5/5
  1805 | D:4      | Noticed a centaur
  1816 | D:4      | Killed a centaur
  1817 | D:4      | Reached skill level 1 in Throwing
  2076 | D:4      | Found a sparkling altar of Nemelex Xobeh.
  2076 | D:4      | Found a hazy altar of Hepliaklqana.
  2137 | D:3      | Noticed Sigmund
  2139 | D:3      | Reached ** piety under Trog
  2144 | D:3      | Killed Sigmund
  2145 | D:3      | Gained mutation: You have a tail ending in a sharp stinger.
                  | [demonic ancestry]
  2145 | D:3      | Reached XP level 6. HP: 37/47 MP: 6/6
  2389 | D:3      | Found Hasch's Armour Boutique.
  2717 | D:2      | Reached skill level 6 in Axes
  2962 | D:2      | Noticed Natasha
  2966 | D:2      | Killed Natasha
  3336 | D:2      | Noticed Natasha
  3342 | D:2      | Killed Natasha
  3343 | D:2      | Reached XP level 7. HP: 47/52 MP: 7/7
  4475 | D:5      | Entered Level 5 of the Dungeon
  5122 | D:5      | Found a hide-covered altar of Uskayaw.
  5148 | D:5      | Identified the +1 ring mail of Lust {rPois Regen+}
  5282 | D:5      | Noticed Grinder
  5283 | D:5      | Found an iron altar of Okawaru.
  5307 | D:5      | Killed Grinder
  5308 | D:5      | Reached skill level 7 in Axes
  5308 | D:5      | Reached XP level 8. HP: 50/58 MP: 8/8
  5520 | D:5      | Reached skill level 5 in Throwing
  5542 | D:5      | Identified a scroll of acquirement
  5542 | D:5      | Acquired 756 gold pieces
  5971 | D:3      | Bought a +1 pair of gloves for 126 gold pieces
  6040 | D:6      | Found a runed translucent gate.
  6040 | D:6      | Found a runed translucent gate.
  6040 | D:6      | Found a runed translucent gate.
  6041 | D:6      | Noticed drawgostyle's ghost (novice TrBr)
  6075 | D:6      | Found a glowing drain.
  6104 | Sewer    | Entered a sewer
  6216 | Sewer    | Reached *** piety under Trog
  6737 | Sewer    | Gained mutation: You tend to lose your temper in combat.
                  | [potion of mutation]
  6737 | Sewer    | Gained mutation: You sometimes lose the ability to read
                  | scrolls when taking damage. [potion of mutation]
  6737 | Sewer    | Gained mutation: Your flesh is heat resistant. (rF+)
                  | [potion of mutation]
  6738 | Sewer    | Lost mutation: You tend to lose your temper in combat.
                  | [potion of mutation]
  6738 | Sewer    | Lost mutation: Your flesh is heat resistant. (rF+) [potion
                  | of mutation]
  6738 | Sewer    | Gained mutation: Your natural rate of healing is unusually
                  | fast. [potion of mutation]
  6739 | Sewer    | Lost mutation: You sometimes lose the ability to read
                  | scrolls when taking damage. [potion of mutation]
  6739 | Sewer    | Lost mutation: Your natural rate of healing is unusually
                  | fast. [potion of mutation]
  6739 | Sewer    | Gained mutation: Your flesh is heat resistant. (rF+)
                  | [potion of mutation]
  6739 | Sewer    | Gained mutation: Your movements are less encumbered by
                  | armour. (ER -4) [potion of mutation]
  6807 | D:6      | Reached skill level 8 in Axes
  6895 | D:6      | Reached **** piety under Trog
  7603 | D:6      | Found a staircase to the Ecumenical Temple.
  7917 | D:6      | Reached XP level 9. HP: 61/63 MP: 9/9
  7919 | D:6      | Killed drawgostyle's ghost
  7920 | D:6      | Reached skill level 9 in Axes
  8237 | D:7      | Found a shimmering blue altar of Sif Muna.
  8861 | D:8      | Found a sand-covered staircase.
  8941 | Ossuary  | Entered an ossuary
  9232 | Ossuary  | Noticed Menkaure
  9236 | Ossuary  | Reached ***** piety under Trog
  9244 | Ossuary  | Killed Menkaure
  9245 | Ossuary  | Reached skill level 10 in Axes
  9528 | D:8      | Noticed a two-headed ogre
  9533 | D:8      | Killed a two-headed ogre
  9534 | D:8      | Reached XP level 10. HP: 21/70 MP: 10/10
  9582 | D:8      | Found an ancient bone altar of Kikubaaqudgha.
  9585 | D:8      | Found a sacrificial altar of Ru.
  9677 | D:8      | Acquired the +2 pair of gloves "Teinapa" {+Blink rC++}
 10089 | D:9      | Reached skill level 11 in Axes
 10264 | D:9      | Identified the +2 leather armour of Coguen {rN+ Dex+2}
 10303 | D:9      | Reached skill level 10 in Throwing
 10335 | D:9      | Slain by a vampire

Illustrated notes

Levels and vault maps discovered:
D:1:      wheals_arrival_linesprint, layout_basic,
          dreamdust_ecumenical_altar_statues
D:2:      layout_loops_cross, kennysheep_boxes, uniq_natasha
D:3:      layout_loops_ring, serial_shops, nicolae_shop_behind_doors,
          uniq_sigmund
D:4:      layout_cave_pods, minitemple, serial_bayou_lagoon_a
D:5:      layout_layer_cave, old_standard_altar, mainiacjoe_overflow_paths,
          hangedman_abyss_or_decor_stabs, uniq_grinder
D:6:      layout_layer_cave, temple_doors_e, gammafunk_ghost_necromancy,
          gup_sewer_entry_glass, minmay_misc_feat_hallway
D:7:      layout_gridville, mainiacjoe_overflow_alcove_2, due_unseen_surprise
D:8:      layout_rooms, grunt_temple_overflow_open, enter_ossuary_4
D:9:      layout_long_grid, mainiacjoe_overflow_six_doors_small, tgw_trog,
          grunt_decor_arrowhead, minmay_chambers_of_fives

Skill      XL: |  1  2  3  4  5  6  7  8  9 10 |
---------------+-------------------------------+-----
Axes           | 3 4 5 6 7 8 10 11 | 11.2
Throwing       | 3 4 6 9 10 | 10.1
Fighting       | |  3.1
Armour         | |  1.9
Dodging        | |  1.9

Action                   |  1- 3 |  4- 6 |  7- 9 | 10-12 || total
-------------------------+-------+-------+-------+-------++-------
Melee: Hand axe          |    71 |     9 |       |       ||    80
       Tailslap          |     4 |    10 |    70 |    23 ||   107
       Punch             |     1 |     1 |     5 |     5 ||    12
       Flail             |       |    83 |   512 |   137 ||   732
Throw: Boomerang         |       |       |    10 |       ||    10
Invok: Berserk           |     1 |     2 |     5 |     3 ||    11
       Brothers in Arms  |       |       |     2 |       ||     2
       Trog's Hand       |       |       |     1 |     1 ||     2
 Abil: Evoke Blink       |       |       |       |     1 ||     1
Evoke: Wand              |       |       |     1 |       ||     1
  Use: Potion            |     1 |       |    13 |     2 ||    16
       Scroll            |       |     4 |     9 |     1 ||    14
 Stab: Sleeping          |       |       |     1 |       ||     1
Armor: Animal skin       |    12 |       |       |       ||    12
       Ring mail         |     9 |    40 |   248 |    57 ||   354
Dodge: Dodged            |    62 |    63 |   334 |    76 ||   535

Table legend: (Time is in decaauts)
 A = Elapsed time spent in this place.
 B = Non-inter-level travel time spent in this place.
 C = Inter-level travel time spent in this place.
 D = Time resting spent in this place.
 E = Time spent auto-exploring this place.
 F = Levels seen in this place.
 G = Mean time per level.
                   A        B        C        D        E       F      G
               +--------+--------+--------+--------+--------+-----+--------+
         Total |  10551 |  10083 |    468 |   1920 |   6269 |  11 |  959.2 |
       Dungeon |   9397 |   8929 |    468 |   1734 |   5799 |   9 | 1044.1 |
         Sewer |    682 |    682 |      0 |    100 |    330 |   1 |  682.0 |
       Ossuary |    471 |    471 |      0 |     85 |    139 |   1 |  471.0 |
               +--------+--------+--------+--------+--------+-----+--------+

Top non-repeatable levels by time:
     D:4: 1618 daAuts
     D:1: 1488 daAuts
     D:6: 1311 daAuts
     D:5: 1204 daAuts
     D:2: 936 daAuts
     D:8: 925 daAuts
     D:3: 878 daAuts
     D:7: 877 daAuts
   Sewer: 682 daAuts
 Ossuary: 471 daAuts
     D:9: 158 daAuts
